 Dungeon Crawl Stone Soup version 0.17.0-23-g0de4337 (webtiles) character file.

39 dvd the Chiller (level 3, -2/21 HPs)
             Began as an Octopode Ice Elementalist on Nov 14, 2015.
             Slain by Sigmund
             ... wielding a +0 scythe
              (10 damage)
             ... on level 2 of the Dungeon.
             The game lasted 00:05:32 (2076 turns).

dvd the Chiller (Octopode Ice Elementalist)         Turns: 2076, Time: 00:05:32

Health: -2/21      AC:  1    Str:  8    XL:     3   Next: 47%
Magic:  1/7        EV: 13    Int: 17    God:
Gold:   87         SH:  0    Dex: 16    Spells: 3 memorised, 1 level left

rFire  . . .     SeeInvis .     (no weapon)
rCold  . . .     Clarity  .     (no shield)
rNeg   . . .     SustAt   .     (helmet restricted)
rPois  .         Gourm    .     (no amulet)
rElec  .         Spirit   .     m - +4 ring of dexterity
rCorr  .         Warding  .     (no ring)
rMut   .         Stasis   .     (no ring)
MR     .....                    (no ring)
Stlth  ++++......               (no ring)
                                (no ring)
                                (no ring)
                                (no ring)

@: not resistant to hostile enchantments, stealthy
A: almost no armour, amphibious, 8 rings, constrict 8, camouflage 1, gelatinous
body 1
a: no special abilities


You were on level 2 of the Dungeon.
You were hungry.

You visited 1 branch of the dungeon, and saw 2 of its levels.

You collected 87 gold pieces.

Inventory:

Jewellery
 m - a +4 ring of dexterity (left tentacle)
Scrolls
 d - a scroll of identify {unknown}
 e - a scroll of amnesia {unknown}
 h - a scroll of immolation {unknown}
 i - a scroll of remove curse {unknown}
 j - 4 scrolls of blinking {unknown}
Potions
 c - a potion of heal wounds {unknown}
 f - a potion of cancellation {unknown}
 k - a potion of haste {unknown}
Books
 a - a book of Frost

   Spells                             Type                      Level
   a - Freeze                         Ice                          1
   b - Throw Frost                    Conjuration/Ice              2
   c - Ozocubu's Armour               Charms/Ice                   3
   d - Throw Icicle                   Conjuration/Ice              4
   e - Summon Ice Beast               Ice/Summoning                4
   f - Condensation Shield            Ice                          4
Comestibles
 b - a bread ration
 g - a beef jerky
 l - 2 meat rations


   Skills:
 + Level 2.3 Dodging
 + Level 3.2 Stealth
 + Level 0.4 Unarmed Combat
 + Level 2.6 Spellcasting
 + Level 1.0 Conjurations
 + Level 3.3 Ice Magic


You had one spell level left.
You knew the following spells:

 Your Spells              Type           Power        Failure   Level  Hunger
a - Freeze                Ice            ##..         6%          1    #......
b - Throw Frost           Conj/Ice       #.....       14%         2    ##.....
c - Ozocubu's Armour      Chrm/Ice       #.......     30%         3    ###....


Dungeon Overview and Level Annotations

Branches:
Dungeon (2/15)

Altars:

Annotations:
D:2 Sigmund


Innate Abilities, Weirdness & Mutations

You cannot wear most types of armour.
You are amphibious.
You can wear up to eight rings at the same time.
You can use your tentacles to constrict eight enemies at once.
Your skin changes colour to match your surroundings (Stealth).
Your rubbery body absorbs attacks (AC +1).


Message History

You constrict Sigmund. Sigmund casts a spell at you.
The puff of flame hits you!
You barely miss Sigmund.
Sigmund is heavily wounded.
You constrict Sigmund, but do no damage.
Sigmund points at you and mumbles some strange words.
You are confused.
You bump into the rock wall.
You constrict Sigmund. Sigmund barely misses you.
You bump into the rock wall.
You constrict Sigmund. You closely miss Sigmund.
Sigmund is heavily wounded.
You constrict Sigmund. Sigmund casts a spell at you.
You resist with significant effort.
You release your grip on Sigmund.
Sigmund barely misses you.
You bump into the rock wall.
You feel less confused. Sigmund hits you with a scythe!
You die...

#### ...
#....##.#.#
.....
....##...##..#.#
####.
........######.#
#.####..#..##.##
#..#.##.##
##.#.#..#
#.#..#.#
#.#....#
#@@#.### #.#..#
###.## #..# .##
#.## .... ##@#
##...####..#
#.........##
######.###


You could see Sigmund.

Vanquished Creatures
  An adder (D:2)
  A worm (D:2)
  2 giant cockroaches (D:1)
  3 goblins (D:1)
  2 hobgoblins (D:1)
  4 bats
  A giant newt (D:1)
  7 jackals
  5 kobolds
  2 rats (D:1)
28 creatures vanquished.

Notes
Turn   | Place    | Note
--------------------------------------------------------------
     0 | D:1      | dvd the Octopode Ice Elementalist began the quest for the Orb.
     0 | D:1      | Reached XP level 1. HP: 11/11 MP: 3/3
   731 | D:1      | Reached XP level 2. HP: 17/17 MP: 1/5
   763 | D:1      | Learned a level 2 spell: Throw Frost
  1551 | D:2      | Reached XP level 3. HP: 21/21 MP: 0/6
  1680 | D:2      | Learned a level 3 spell: Ozocubu's Armour
  2052 | D:2      | Noticed Sigmund
  2076 | D:2      | Slain by Sigmund

Action                   || total
-------------------------++-------
Melee: Unarmed           ||    44
 Cast: Freeze            ||    15
       Throw Frost       ||    18
       Ozocubu's Armour  ||     1
 Stab: Sleeping          ||     5
  Eat: Chunk             ||     4
